General information
- name: BNet
- type: Ladder team game (AT/RT)
- host: Battle.net
- saver: TheGreatTraitor
map: GolemsInTheMist
- players: 8
- length: 36:37
- speed: Fast
- version: 1.26 W3XP
- replay type: Public
» download(189 KB)
Players
team 1 (loser)
SHARIGAN. (
yellow | 50 APM | 1826 actions | 36:36)
6 Far Seer
3 Feral Spirit
2 Chain Lighting
1 Earth Quake
» actions
| Assign group hotkey | 43 | |
| Basic commands | 10 | |
| Build / train | 52 | |
| Enter build submenu | 21 | |
| Enter hero's abilities submenu | 6 | |
| Give item / drop item | 1 | |
| Remove unit from queue | 1 | |
| Right click | 885 | |
| Select / deselect | 247 | |
| Select group hotkey | 480 | |
| Use ability | 80 | |
1826 total
» units
| Peon | 15 | |
| Goblin Shredder | 3 | |
| Wind Rider | 6 | |
| Goblin Zeppelin | 1 | |
| Goblin Sapper | 2 | |
27 total
» upgrades
| Reinforced Defenses | 1 | |
| Envenomed Spears | 1 | |
| Ranged Weapons | 2 | |
| Armor | 2 | |
6 total
» buildings
| Altar of Storms | 1 | |
| Orc Burrow | 6 | |
| War Mill | 1 | |
| Stronghold | 2 | |
| Voodoo Lounge | 1 | |
| Watch Tower | 15 | |
| Beastiary | 5 | |
| Fortress | 2 | |
| Great Hall | 2 | |
35 total
» build order
00:09 Altar of Storms
00:23 Orc Burrow
01:40 War Mill
01:53 Stronghold
02:06 Orc Burrow
02:29 Voodoo Lounge
02:49 Orc Burrow
03:18 Watch Tower
03:34 Watch Tower
05:09 Watch Tower
05:10 Watch Tower
05:11 Watch Tower
06:04 Beastiary
06:07 Fortress
06:11 Beastiary
07:53 Orc Burrow
08:00 Watch Tower
09:25 Watch Tower
09:27 Watch Tower
09:28 Watch Tower
11:27 Watch Tower
11:27 Watch Tower
11:28 Watch Tower
11:29 Watch Tower
11:30 Watch Tower
11:32 Watch Tower
12:46 Beastiary
12:51 Orc Burrow
12:52 Orc Burrow
15:39 Beastiary
16:04 Beastiary
17:44 Great Hall
17:46 Great Hall
19:25 Stronghold
23:29 Fortress
» items
| Lesser Clarity Potion | 1 | |
| Tiny Great Hall | 2 | |
| Healing Salve | 1 | |
| Scroll of Town Portal | 2 | |
6 total

»
reptarcrunch (
green | 51 APM | 1653 actions | 32:34)
7 Mountain King
3 Storm Bolt
2 Bash
1 Thunder Clap
1 Avatar
4 Paladin
2 Holy Light
2 Devotion Aura
» actions
| Basic commands | 44 | |
| Build / train | 106 | |
| Enter build submenu | 42 | |
| Enter hero's abilities submenu | 11 | |
| Give item / drop item | 2 | |
| Right click | 854 | |
| Select / deselect | 494 | |
| Use ability | 100 | |
1653 total
» units
| Peasant | 15 | |
| Footman | 26 | |
| Knight | 13 | |
| Goblin Zeppelin | 1 | |
| Flying Machine | 6 | |
61 total
» upgrades
| Swords | 3 | |
| Plating | 2 | |
| Animal War Training | 1 | |
| Lumber Harvesting | 1 | |
| Defend | 1 | |
| Flying Machine Bombs | 1 | |
| Flak Cannons | 1 | |
10 total
» buildings
| Altar of Kings | 1 | |
| Farm | 26 | |
| Barracks | 5 | |
| Lumber Mill | 1 | |
| Arcane Vault | 1 | |
| Blacksmith | 1 | |
| Keep | 1 | |
| Castle | 1 | |
| Arcane Tower | 3 | |
| Guard Tower | 3 | |
| Town Hall | 1 | |
| Workshop | 3 | |
47 total
» build order
00:08 Altar of Kings
00:11 Farm
00:18 Barracks
01:34 Farm
01:53 Lumber Mill
02:20 Farm
02:56 Farm
03:12 Arcane Vault
03:36 Blacksmith
04:13 Keep
04:37 Barracks
06:53 Castle
08:47 Farm
08:49 Farm
08:51 Farm
11:47 Arcane Tower
11:49 Guard Tower
11:54 Arcane Tower
12:06 Farm
13:07 Farm
13:38 Farm
13:44 Farm
15:33 Barracks
15:36 Barracks
15:38 Barracks
16:36 Town Hall
18:59 Farm
19:01 Farm
19:23 Guard Tower
19:26 Guard Tower
19:28 Arcane Tower
23:45 Farm
23:46 Farm
23:47 Farm
23:48 Farm
23:49 Farm
23:51 Farm
24:25 Farm
24:29 Farm
24:31 Farm
24:32 Farm
24:33 Farm
24:35 Farm
25:11 Farm
26:51 Workshop
28:09 Workshop
28:12 Workshop
» items
| Scroll of Regeneration | 1 | |
| Potion of Healing | 3 | |
| Ivory Tower | 8 | |
| Orb of Fire | 1 | |
13 total

»
Master_Coxa (
blue | 22 APM | 739 actions | 33:00)
6 Death Knight
3 Death Coil
2 Death Pact
1 Animate Dead
» actions
| Build / train | 49 | |
| Enter build submenu | 21 | |
| Enter hero's abilities submenu | 6 | |
| Remove unit from queue | 1 | |
| Right click | 309 | |
| Select / deselect | 293 | |
| Use ability | 60 | |
739 total
» units
| Acolyte | 8 | |
| Ghoul | 3 | |
| Crypt Fiend | 7 | |
| Obsidian Statue | 2 | |
| Frost Wyrm | 4 | |
24 total
» upgrades
| Burrow | 1 | |
| Web | 1 | |
| Creature Attack | 2 | |
| Creature Carapace | 2 | |
| Freezing Breath | 1 | |
7 total
» buildings
| Crypt | 1 | |
| Ziggurat | 7 | |
| Altar of Darkness | 1 | |
| Graveyard | 1 | |
| Tomb of Relics | 1 | |
| Halls of the Dead | 1 | |
| Slaughterhouse | 1 | |
| Black Citadel | 1 | |
| Sacrificial Pit | 1 | |
| Boneyard | 1 | |
| Nerubian Tower | 1 | |
17 total
» build order
00:31 Crypt
00:40 Ziggurat
01:05 Altar of Darkness
01:20 Graveyard
01:50 Ziggurat
02:07 Tomb of Relics
02:56 Halls of the Dead
03:13 Ziggurat
05:08 Ziggurat
06:09 Slaughterhouse
09:14 Black Citadel
09:52 Ziggurat
09:58 Sacrificial Pit
12:07 Boneyard
16:44 Ziggurat
16:44 Ziggurat
19:16 Nerubian Tower
» items
| Rod of Necromancy | 1 | |
| Scroll of Town Portal | 4 | |
| Potion of Healing | 1 | |
| Scroll of Speed | 1 | |
7 total

»
NoobSlayer25 (
pink | 36 APM | 1101 actions | 30:52)
7 Mountain King
3 Storm Bolt
3 Bash
1 Avatar
» actions
| Assign group hotkey | 6 | |
| Build / train | 66 | |
| Enter build submenu | 31 | |
| Enter hero's abilities submenu | 7 | |
| Remove unit from queue | 5 | |
| Right click | 474 | |
| Select / deselect | 391 | |
| Select group hotkey | 70 | |
| Use ability | 51 | |
1101 total
» units
| Peasant | 20 | |
| Footman | 12 | |
| Dragonhawk Rider | -1 | |
| Gryphon Rider | 8 | |
39 total
» upgrades
| Swords | 3 | |
| Defend | 1 | |
| Armor | 3 | |
| Lumber Harvesting | 1 | |
| Animal War Training | 1 | |
| Storm Hammers | 1 | |
10 total
» buildings
| Altar of Kings | 1 | |
| Farm | 19 | |
| Barracks | 2 | |
| Lumber Mill | 1 | |
| Blacksmith | 1 | |
| Keep | 1 | |
| Arcane Vault | 1 | |
| Castle | 1 | |
| Gryphon Aviary | 2 | |
| Town Hall | 2 | |
31 total
» build order
00:26 Altar of Kings
00:41 Farm
00:56 Barracks
01:12 Lumber Mill
01:21 Farm
02:07 Farm
02:38 Farm
03:06 Barracks
03:23 Blacksmith
04:32 Farm
05:28 Keep
05:32 Farm
07:13 Arcane Vault
07:44 Farm
09:16 Farm
09:19 Castle
09:26 Farm
10:03 Farm
10:27 Gryphon Aviary
10:31 Gryphon Aviary
11:44 Farm
11:47 Farm
16:00 Farm
16:03 Farm
16:42 Farm
16:45 Farm
18:43 Farm
18:48 Farm
19:36 Farm
24:10 Town Hall
26:39 Town Hall
» items
| Potion of Healing | 1 | |
| Scroll of Town Portal | 1 | |
2 total
team 2 (winner)
TheGreatTraitor (
purple | 92 APM | 3383 actions | 36:37)
10 Blood Mage
3 Flame Strike
3 Banish
1 Summon Phoenix
3 Siphon Mana
» actions
| Assign group hotkey | 87 | |
| Basic commands | 85 | |
| Build / train | 220 | |
| ESC pressed | 3 | |
| Enter build submenu | 82 | |
| Enter hero's abilities submenu | 10 | |
| Give item / drop item | 2 | |
| Right click | 1317 | |
| Select / deselect | 426 | |
| Select group hotkey | 834 | |
| Use ability | 317 | |
3383 total
» units
| Peasant | 15 | |
| Footman | 6 | |
| Goblin Shredder | 3 | |
| Goblin Zeppelin | 2 | |
| Gryphon Rider | 10 | |
| Dragonhawk Rider | 5 | |
| Goblin Sapper | 4 | |
45 total
» upgrades
| Swords | 3 | |
| Armor | 3 | |
| Masonry | 3 | |
| Animal War Training | 1 | |
| Storm Hammers | 1 | |
| Cloud | 1 | |
| Lumber Harvesting | 2 | |
14 total
» buildings
| Altar of Kings | 1 | |
| Barracks | 1 | |
| Farm | 13 | |
| Arcane Vault | 1 | |
| Town Hall | 2 | |
| Keep | 4 | |
| Blacksmith | 1 | |
| Lumber Mill | 1 | |
| Scout Tower | 60 | |
| Castle | 3 | |
| Guard Tower | 86 | |
| Gryphon Aviary | 6 | |
179 total
» build order
00:36 Altar of Kings
00:38 Barracks
00:53 Farm
01:06 Farm
01:36 Farm
01:59 Arcane Vault
02:12 Farm
03:49 Town Hall
05:32 Keep
05:33 Keep
05:33 Keep
05:38 Blacksmith
05:45 Lumber Mill
07:47 Town Hall
07:49 Scout Tower
07:51 Scout Tower
07:53 Scout Tower
07:56 Scout Tower
09:20 Castle
09:20 Castle
09:20 Castle
09:22 Guard Tower
09:22 Guard Tower
09:22 Guard Tower
09:24 Scout Tower
09:26 Scout Tower
09:28 Scout Tower
09:31 Scout Tower
09:33 Scout Tower
09:47 Scout Tower
09:51 Scout Tower
09:55 Scout Tower
10:00 Guard Tower
10:00 Guard Tower
11:02 Guard Tower
11:02 Guard Tower
11:02 Guard Tower
11:10 Scout Tower
11:13 Scout Tower
11:14 Scout Tower
11:35 Guard Tower
11:36 Guard Tower
11:39 Scout Tower
11:40 Scout Tower
11:43 Scout Tower
11:47 Scout Tower
11:49 Guard Tower
11:49 Guard Tower
11:49 Guard Tower
11:53 Gryphon Aviary
11:53 Gryphon Aviary
11:55 Gryphon Aviary
12:04 Scout Tower
12:05 Scout Tower
12:07 Scout Tower
12:07 Scout Tower
12:10 Scout Tower
12:20 Guard Tower
12:20 Guard Tower
12:36 Guard Tower
12:36 Guard Tower
12:37 Guard Tower
12:38 Guard Tower
12:38 Guard Tower
15:38 Scout Tower
15:41 Scout Tower
15:42 Scout Tower
16:16 Guard Tower
16:16 Guard Tower
16:17 Guard Tower
16:18 Guard Tower
16:18 Guard Tower
16:19 Guard Tower
16:19 Guard Tower
16:21 Scout Tower
16:25 Scout Tower
16:26 Scout Tower
16:37 Scout Tower
16:51 Guard Tower
16:52 Guard Tower
16:52 Guard Tower
16:53 Guard Tower
16:54 Guard Tower
16:54 Guard Tower
17:41 Scout Tower
17:42 Scout Tower
17:43 Scout Tower
17:58 Scout Tower
18:00 Scout Tower
18:02 Scout Tower
18:03 Scout Tower
18:04 Scout Tower
18:05 Scout Tower
18:08 Scout Tower
18:10 Scout Tower
18:12 Scout Tower
18:13 Scout Tower
18:15 Scout Tower
18:16 Scout Tower
18:23 Scout Tower
18:24 Scout Tower
18:26 Scout Tower
18:27 Scout Tower
18:28 Scout Tower
18:30 Scout Tower
18:31 Scout Tower
18:32 Scout Tower
18:33 Scout Tower
18:34 Scout Tower
18:36 Scout Tower
18:40 Scout Tower
18:42 Guard Tower
18:43 Guard Tower
18:43 Guard Tower
18:49 Guard Tower
18:49 Guard Tower
18:52 Guard Tower
19:26 Guard Tower
19:36 Guard Tower
19:36 Guard Tower
19:37 Guard Tower
19:53 Guard Tower
19:54 Guard Tower
19:54 Guard Tower
20:04 Guard Tower
20:04 Guard Tower
20:05 Guard Tower
20:05 Guard Tower
20:08 Guard Tower
20:08 Guard Tower
20:09 Guard Tower
20:09 Guard Tower
20:20 Farm
20:25 Farm
20:25 Farm
20:46 Scout Tower
20:52 Guard Tower
20:52 Guard Tower
22:01 Guard Tower
22:01 Guard Tower
23:18 Farm
23:20 Farm
23:21 Farm
23:24 Farm
23:32 Scout Tower
24:05 Guard Tower
24:05 Guard Tower
24:06 Guard Tower
24:11 Gryphon Aviary
24:14 Gryphon Aviary
24:19 Gryphon Aviary
27:01 Farm
27:05 Farm
» items
| Scroll of Regeneration | 8 | |
| Mechanical Critter | 4 | |
| Lesser Clarity Potion | 5 | |
| Scroll of Town Portal | 5 | |
| Potion of Healing | 6 | |
| Potion of Mana | 4 | |
| Staff of Sanctuary | 1 | |
| Orb of Fire | 1 | |
34 total
Jamacanmecrazy (
teal | 25 APM | 478 actions | 19:24)
1 Priestess of the Moon
1 Searing Arrows
» actions
| Build / train | 40 | |
| Enter build submenu | 27 | |
| Enter hero's abilities submenu | 1 | |
| Right click | 183 | |
| Select / deselect | 180 | |
| Use ability | 47 | |
478 total
» units
» buildings
| Hunter's Hall | 1 | |
| Moon Well | 4 | |
| Ancient Protector | 11 | |
| Altar of Elders | 1 | |
| Ancient of Wonders | 1 | |
| Ancient of War | 2 | |
20 total
» build order
00:08 Hunter's Hall
01:23 Moon Well
02:08 Ancient Protector
02:30 Ancient Protector
03:02 Ancient Protector
03:10 Ancient Protector
03:26 Ancient Protector
03:42 Ancient Protector
04:00 Altar of Elders
04:04 Moon Well
04:38 Ancient Protector
05:02 Moon Well
05:35 Ancient of Wonders
07:51 Ancient Protector
07:55 Ancient Protector
08:00 Ancient Protector
08:56 Ancient Protector
10:11 Ancient of War
10:16 Ancient of War
10:26 Moon Well

»
angrygorilla (
red | 32 APM | 574 actions | 17:59)
3 Tauren Chieftain
2 Endurance Aura
1 Shockwave
1 Far Seer
1 Chain Lighting
» actions
| Assign group hotkey | 3 | |
| Basic commands | 14 | |
| Build / train | 62 | |
| Enter build submenu | 21 | |
| Enter hero's abilities submenu | 4 | |
| Give item / drop item | 1 | |
| Remove unit from queue | 1 | |
| Right click | 188 | |
| Select / deselect | 246 | |
| Select group hotkey | 2 | |
| Use ability | 32 | |
574 total
» units
| Peon | 14 | |
| Grunt | 4 | |
| Demolisher | 1 | |
| Shaman | 6 | |
| Kodo Beast | 1 | |
| Tauren | 6 | |
| Troll Witch Doctor | 5 | |
37 total
» upgrades
| Armor | 1 | |
| Melee Weapons | 3 | |
| Berserker Strength | 1 | |
| Shaman Training | 2 | |
| Witch Doctor Training | 2 | |
| War Drums Damage Increase | 1 | |
| Pulverize | 1 | |
| Pillage | 1 | |
| Spirit Walker Training | 1 | |
13 total
» buildings
| Altar of Storms | 1 | |
| Orc Burrow | 10 | |
| Voodoo Lounge | 1 | |
| Barracks | 1 | |
| Stronghold | 1 | |
| War Mill | 2 | |
| Spirit Lodge | 1 | |
| Fortress | 1 | |
| Beastiary | 1 | |
| Tauren Totem | 2 | |
| Great Hall | 1 | |
22 total
» build order
00:17 Altar of Storms
00:22 Orc Burrow
01:24 Orc Burrow
01:32 Voodoo Lounge
02:06 Barracks
02:59 Stronghold
03:12 War Mill
03:27 Orc Burrow
03:58 Orc Burrow
04:01 Orc Burrow
04:40 Orc Burrow
04:45 Orc Burrow
06:08 Spirit Lodge
06:12 Fortress
06:44 Orc Burrow
06:48 Beastiary
08:07 Orc Burrow
08:44 Tauren Totem
08:49 Tauren Totem
09:40 Great Hall
12:51 War Mill
15:24 Orc Burrow
» items
| Healing Salve | 1 | |
| Lesser Clarity Potion | 1 | |
| Scroll of Speed | 1 | |
| Orb of Lightning | 1 | |
4 total

»
P.Marleau (
orange | 28 APM | 483 actions | 17:20)
3 Far Seer
2 Feral Spirit
1 Chain Lighting
» actions
| Build / train | 46 | |
| Enter build submenu | 15 | |
| Enter hero's abilities submenu | 3 | |
| Remove unit from queue | 2 | |
| Right click | 211 | |
| Select / deselect | 186 | |
| Use ability | 20 | |
483 total
» units
| Peon | 11 | |
| Grunt | 11 | |
| Shaman | 3 | |
| Tauren | 5 | |
30 total
» upgrades
| Armor | 2 | |
| Melee Weapons | 3 | |
| Shaman Training | 2 | |
| Spiked Barricades | 0 | |
| Pulverize | 1 | |
8 total
» buildings
| Orc Burrow | 6 | |
| Altar of Storms | 1 | |
| Barracks | 1 | |
| War Mill | 1 | |
| Stronghold | 1 | |
| Spirit Lodge | 1 | |
| Fortress | 1 | |
| Watch Tower | 1 | |
| Tauren Totem | 1 | |
14 total
» build order
00:08 Orc Burrow
00:11 Altar of Storms
00:51 Barracks
01:28 Orc Burrow
03:25 Orc Burrow
03:39 War Mill
05:06 Stronghold
07:49 Spirit Lodge
07:57 Orc Burrow
08:14 Fortress
10:13 Orc Burrow
10:24 Watch Tower
11:38 Tauren Totem
12:35 Orc Burrow
Chat log
(00:09 / All) TheGreatTraitor: GL HF FRIENDS!
(00:18 / All) SHARIGAN.: noob be quiet noobbbbb
(00:32 / Allies) TheGreatTraitor: What's the plan friends?
(00:38 / Allies) P.Marleau: melee
(01:03 / Allies) angrygorilla: mellee
(01:08 / Allies) Jamacanmecrazy: send heros here
(01:21 / Allies) P.Marleau: k
(02:38 / Allies) Jamacanmecrazy: spare wood
(04:01 / Allies) P.Marleau: clear shop purp?
(04:04 / Allies) TheGreatTraitor: 1 sec
(04:18 / Allies) TheGreatTraitor: k
(04:47 / Allies) P.Marleau: u take
(04:50 / Allies) TheGreatTraitor: k
(04:51 / Allies) TheGreatTraitor: thanks
(04:54 / Allies) P.Marleau: np
(04:58 / Allies) P.Marleau: coming to help
(07:02 / Allies) P.Marleau: purp?
(07:05 / Allies) TheGreatTraitor: got lvl 3
(07:07 / Allies) TheGreatTraitor: omw in a sec
(07:08 / Allies) TheGreatTraitor: healing
(08:43 / All) SHARIGAN.: for rome
(08:46 / All) SHARIGAN.: for ceasar
(08:51 / All) SHARIGAN.: DEATH TO THE NCR
(09:50 / Allies) Jamacanmecrazy: purp has 4000 gold
(09:54 / Allies) Jamacanmecrazy: wow
(09:58 / Allies) TheGreatTraitor: jealous?
(10:00 / Allies) angrygorilla: give me some
(10:23 / Allies) angrygorilla: wood?
(10:50 / Allies) P.Marleau: yeah i need wood as well
(12:03 / Allies) Jamacanmecrazy: hit green green gettign knights
(12:10 / Allies) P.Marleau: lets meet
(12:21 / Allies) P.Marleau: on way
(12:43 / Allies) angrygorilla: ty
(12:49 / Allies) P.Marleau: yes ty
(13:11 / Allies) P.Marleau: lead red
(13:14 / Allies) Jamacanmecrazy: hit green barracks
(13:19 / Allies) P.Marleau: coming with us purp?
(13:22 / Allies) TheGreatTraitor: yeah
(13:53 / All) NoobSlayer25: tp
(13:56 / Allies) P.Marleau: no aa?
(14:32 / Allies) angrygorilla: b
(14:51 / Allies) angrygorilla: aa
(15:03 / Allies) P.Marleau: me and red have melle need aa lol
(15:14 / Allies) angrygorilla: dude give me some gold
(15:25 / All) SHARIGAN.: hit
(15:29 / Allies) angrygorilla: purple
(15:39 / Allies) TheGreatTraitor: yes?
(15:44 / Allies) angrygorilla: can i have some gold
(15:48 / Allies) TheGreatTraitor: say please
(15:49 / Allies) TheGreatTraitor: and yes
(15:52 / Allies) angrygorilla: please
(16:01 / Allies) angrygorilla: ty
(16:38 / Allies) Jamacanmecrazy: green has no barracks
(16:51 / Allies) P.Marleau: we have no aa
(21:38 / All) TheGreatTraitor: welcome to food block hell
(26:01 / All) TheGreatTraitor: was that worth every gryphon?
(26:07 / All) NoobSlayer25: yes it was
(26:12 / All) TheGreatTraitor: then you're a fucking retard
(26:15 / All) TheGreatTraitor: you just got absolutely raped
(26:23 / All) NoobSlayer25: u lost
(26:25 / All) NoobSlayer25: leave
(26:25 / All) TheGreatTraitor: no
(26:30 / All) SHARIGAN.: purple ur a noob stfu
(27:33 / All) TheGreatTraitor: taking a while to get my hero so I can farm you noobs for level 10
(28:57 / All) TheGreatTraitor: raped
(29:07 / All) TheGreatTraitor: FOOTIES
(29:08 / All) TheGreatTraitor: LMFAO
(29:31 / All) TheGreatTraitor: GREEN
(29:33 / All) TheGreatTraitor: ARE YOU AN AI
(29:41 / All) reptarcrunch: you know iyt
(29:44 / All) TheGreatTraitor: NVM THAT IS AN INSULT TO BLIZZARD'S AIS
(29:46 / All) TheGreatTraitor: THEY WOULD BE BETTER
(30:49 / All) NoobSlayer25: your lucky yellow is a bser
(30:54 / All) TheGreatTraitor: you lost either way
(30:56 / All) TheGreatTraitor: fucking noobs
(31:01 / All) TheGreatTraitor: can't kill 1 player
(31:53 / All) TheGreatTraitor: WTF IS THAT FOOTMAN DOING ON PATROL YOU FAGGOT
(31:54 / All) TheGreatTraitor: WHAT
(31:55 / All) reptarcrunch: lol
(31:56 / All) reptarcrunch: hes the man
(32:16 / All) SHARIGAN.: what is a raptor crunch
(32:33 / All) reptarcrunch: gg gn
(33:04 / All) SHARIGAN.: ur prick allis left too early
(33:05 / All) TheGreatTraitor: lol
(33:07 / All) TheGreatTraitor: we didn't even have to stab
(33:15 / All) SHARIGAN.: these idiots didnt talk once
(33:17 / All) TheGreatTraitor: which team loses?
(33:21 / All) TheGreatTraitor: I don't care both were clueless
(33:30 / All) SHARIGAN.: up to u, we were high ell players on 0-0 acct
(33:39 / All) TheGreatTraitor: these idiots were high ell?
(33:42 / All) TheGreatTraitor: wasn't paying attention
(33:44 / All) SHARIGAN.: me and u
(33:48 / All) SHARIGAN.: lets duel hero
(33:50 / All) TheGreatTraitor: oh
(33:50 / All) SHARIGAN.: loser leaves
(33:51 / All) TheGreatTraitor: misread
(34:00 / All) SHARIGAN.: bm vs fs
(34:02 / All) TheGreatTraitor: k
(34:04 / All) TheGreatTraitor: but I have no mana
(34:06 / All) TheGreatTraitor: give me a min to get it back
(34:14 / All) TheGreatTraitor: I'll tp to speed it actually
(34:17 / All) TheGreatTraitor: go to mid
(34:43 / All) TheGreatTraitor: omw
(34:46 / All) SHARIGAN.: this was fun for me cuz it was obvious we were gonna do it
(34:50 / All) SHARIGAN.: albeit no chat
(35:38 / All) TheGreatTraitor: that wand of the wind is mad gay
(36:26 / All) SHARIGAN.: no!
(36:32 / All) SHARIGAN.: i lose so i leave
(36:33 / All) TheGreatTraitor: you almost had that